 Dungeon Crawl Stone Soup version 0.31-a0-1611-g890cdf5628 (webtiles) character file.

Game seed: 15680481073136575229

8801 zenocrate the Grappler (level 11, -37/53 HPs)
             Began as a Vine Stalker Fighter on Jan 8, 2024.
             Was an Elder of Jiyva.
             Hit by a large rock thrown by a stone giant (47 damage)
             ... created by the fury of Okawaru
             ... on level 1 of the Lair of Beasts.
             The game lasted 00:12:05 (7798 turns).

zenocrate the Grappler (Vine Stalker Fighter)       Turns: 7798, Time: 00:12:06

Health: -37/53     AC: 16    Str: 23    XL:     11   Next: 36%
Magic:  0/19       EV: 28    Int: 12    God:    Jiyva [****..]
Gold:   403        SH:  5    Dex: 14    Spells: 16/19 levels left

rFire   + +          +
                       - Unarmed
rCold   . . .        b - +0 buckler
rNeg    . . .        c - +0 chain mail of Space {Int+4}
rPois   .            a - +0 helmet
rElec   +            G - +0 cloak
rCorr   +            (no gloves)
SInv    .            A - +0 pair of boots
Will    ++...        i - amulet of the acrobat Stlth
                     r - +5 ring of evasion
HPRegen 2.36/turn    w - ring of Xaxatak {^Contam Fly rF+ Will+}
MPRegen 0.80/turn

%: acrobat, guardian spirit
@: about to teleport, acrobatic, flying, studying Armour
A: fangs 3, regeneration 1, magic shield, antimagic bite, no potion heal 2, fire
resistance 2, electricity resistance, engulf
a: Renounce Religion, Oozemancy, Slimify


You were on level 1 of the Lair of Beasts.
You worshipped Jiyva.
Jiyva was greatly pleased with you.
You visited 3 branches of the dungeon, and saw 11 of its levels.
You also visited: Sewer.

You collected 403 gold pieces.

Inventory:

Missiles
 j - 4 atropa-tipped darts
 u - 6 poisoned darts (quivered)
 y - a boomerang
Armour
 a - a +0 helmet (worn)
 b - a +0 buckler (worn)
 c - the +0 chain mail of Space (worn) {Int+4}
   (You found it on level 3 of the Dungeon)

   Int+4:     It affects your intelligence (+4).
 t - +0 fire dragon scales
 A - a +0 pair of boots (worn)
 E - a +0 tower shield
 G - a +0 cloak (worn)
Jewellery
 i - an amulet of the acrobat (around neck)
 k - a ring of flight
 r - a +5 ring of evasion (left hand)
 w - the ring of Xaxatak (right hand) {^Contam Fly rF+ Will+}
   (You found it on level 4 of the Dungeon)

   [ring of flight]

   rF+:       It protects you from fire.
   Will+:     It increases your willpower.
   Fly:       It grants you flight.
   ^Contam:   It causes magical contamination when unequipped.
 F - a ring of ice
 H - a ring of protection from cold
Wands
 v - a wand of paralysis (9)
 z - a wand of digging (5)
Scrolls
 d - 3 scrolls of blinking
 h - a scroll of vulnerability {unknown}
 l - a scroll of fog {unknown}
 m - a scroll of immolation
 n - a scroll of amnesia {unknown}
 q - a scroll of brand weapon
 x - a scroll of fear
 C - a scroll of teleportation
 J - a scroll of enchant armour {unknown}
Potions
 e - 4 potions of magic
 g - a potion of resistance
 o - a potion of mutation
 p - a potion of ambrosia
 B - 3 potions of haste
 K - a potion of attraction {unknown}


   Skills:
 - Level 3.8 Fighting
 - Level 1.5 Throwing
 + Level 11.2 Armour
 - Level 6.0 Shields
 + Level 12.0 Unarmed Combat
 - Level 4.6 Spellcasting
 - Level 1.3 Necromancy
 + Level 1.3 Evocations


You had 16 spell levels left.
You knew the following spells:

 Your Spells              Type           Power      Damage    Failure   Level
a - Fugue of the Fallen   Necr           6%         N/A       88%         3

Your spell library contained the following spells:

 Spells                   Type           Power      Damage    Failure   Level
 Cigotuvi's Dreadful Rot  Necr/Alch/Air  6%         N/A       80%         2
 Anguish                  Hex/Necr       2%         N/A       100%        4
 Ignite Poison            Fire/Alch      2%         N/A       100%        4
 Borgnjor's Vile Clutch   Necr/Erth      2%         N/A       100%        5
 Freezing Cloud           Conj/Ice/Air   1%         6-21      100%        5
 Haunt                    Necr/Summ      2%         N/A       100%        7


Dungeon Overview and Level Annotations

Branches:
Dungeon (9/15)             Temple (1/1) D:6            Lair (1/5) D:9
  Sewer (visited)
    Orc: D:9-12

Altars:
Ashenzari
Cheibriados
Dithmenos
Elyvilon
Fedhas
Gozag
Hepliaklqana
Kikubaaqudgha
Makhleb
Nemelex Xobeh
Okawaru
Qazlal
Ru
Sif Muna
Trog
Uskayaw
Vehumet
Wu Jian
Xom
Yredelemnul
Zin
The Shining One

Shops:
D:2 :   D:3 [   D:7 =


Innate Abilities, Weirdness & Mutations

You have razor-sharp teeth.
Your natural rate of healing is unusually fast.
When hurt, damage is shared between your health and your magic reserves.
Your bite disrupts and absorbs the magic of your enemies.
Potions cannot restore your health.
Your flesh is very heat resistant. (rF++)
You are resistant to electric shocks. (rElec)
Your melee attacks may engulf your foes in ooze.


Message History

The bullfrog completely misses you.
A bullfrog is nearby!
You barely miss the bullfrog. You bite the bullfrog! You drain its power.
The bullfrog is moderately wounded.
The bullfrog completely misses you.
A bullfrog is nearby!
You hit the bullfrog.
You engulf the bullfrog in ooze!
You bite the bullfrog! You drain its power.
The bullfrog is almost dead.
The bullfrog hits you but does no damage.
You hit the bullfrog but do no damage.
The bullfrog is almost dead.
The bullfrog hits you but does no damage.
You punch the bullfrog!
You kill the bullfrog!
Okawaru sends forces against you! The divine experience confuses you!
You are confused.
A fire giant, a stone giant and a frost giant come into view.
The fire giant is wielding a +3 great sword of flaming.
The frost giant is wielding a +1 battleaxe of freezing.
You are too confused!
Unknown command.
Your system rejects the healing.
You feel better.
Unknown command.
The stone giant completely misses you.
Unknown command.
The stone giant throws a large rock.
The large rock hits you!!
Unknown command.
As you read the scroll of teleportation, it crumbles to dust.
You feel strangely unstable.
Unknown command.
The frost giant casts a spell at you. The bolt of cold hits you!
Unknown command.
Unknown command.
The frost giant casts a spell at you. The bolt of cold hits you!!
* * * LOW HITPOINT WARNING * * *
The stone giant throws a large rock.
The large rock hits you!!!
Ouch! That really hurt!
You die...

######..######P..##
...................
........[.[..#
##..##......#
#.....#CC...## #.
#..CCC#.C....# ...
#.....#...<.###....
.........#............
...#(....^....@.P#...
.. #.....#.....### # .
.#####......# ..
.........†# ..
.................
..................
..................
..................
#####............


You could see a frost giant, a fire giant and a stone giant.

Vanquished Creatures
  Gastronok (D:8)
  A merfolk impaler (D:9)
  2 two-headed ogres (D:9)
  A boulder beetle (D:9)
  Maurice (D:7)
  Joseph (D:7)
  A cane toad (Lair:1)
  Maggie (D:7)
  A troll (D:9)
  Grinder (D:3)
  A wraith (D:6)
  A wyvern (D:8)
  2 steam dragons
  2 water moccasins
  4 black bears
  Pargi (D:4)
  2 ice beasts
  2 orc warriors (D:9)
  A sky beast (D:6)
  An ogre (D:4)
  A centaur (D:8)
  A phantom (D:7)
  7 bullfrogs
  A scorpion (D:6)
  11 wights
  9 killer bees
  2 howler monkeys (D:6)
  4 jellies
  4 hounds
  A gnoll bouda (D:7)
  2 orc priests
  2 sleepcaps
  Terence (D:3)
  2 iguanas (D:6)
  4 orc wizards
  Natasha (D:3)
  Robin (D:3)
  5 adders
  7 gnolls
  9 river rats
  A white imp (D:7)
  3 ribbon worms
  2 dart slugs (D:4)
  10 orcs
  12 ball pythons
  9 bats
  17 endoplasms
  4 giant cockroaches
  8 goblins
  14 hobgoblins
  6 quokkas
  6 frilled lizards
  5 kobolds
  22 rats
222 creatures vanquished.

Vanquished Creatures (others)
  A bullfrog (D:7)
  2 wights (D:9)
  A hound (D:7)
  17 jellies
  A sleepcap (D:8)
  An orc wizard (D:9)
  A gnoll (D:6)
  5 orcs (D:9)
29 creatures vanquished.

Grand Total: 251 creatures vanquished

Notes
Turn   | Place    | Note
-------+----------+-------------------------------------------
     0 | D:1      | zenocrate the Vine Stalker Fighter began the quest for the
                  | Orb.
     0 | D:1      | Reached XP level 1. HP: 11/11 MP: 2/2
    83 | D:1      | Reached XP level 2. HP: 14/16 MP: 1/3
   133 | D:1      | Reached skill level 3 in Unarmed Combat
   622 | D:2      | Reached XP level 3. HP: 14/19 MP: 4/4
   656 | D:2      | Reached skill level 4 in Unarmed Combat
   855 | D:2      | Reached XP level 4. HP: 22/23 MP: 3/5
   902 | D:2      | Found Bocutimn's Book Shop.
  1109 | D:2      | Reached XP level 5. HP: 27/27 MP: 6/6
  1447 | D:3      | Noticed Grinder
  1456 | D:3      | Paralysed by Grinder for 3 turns
  1464 | D:3      | Paralysed by Grinder for 4 turns
  1470 | D:3      | Killed Grinder
  1471 | D:3      | Reached skill level 5 in Unarmed Combat
  1471 | D:3      | Reached XP level 6. HP: 28/32 MP: 5/10
  1472 | D:3      | Identified the +0 chain mail of Space {Int+4}
  1512 | D:3      | Found a shadowy altar of Dithmenos.
  1573 | D:3      | Noticed Natasha
  1581 | D:3      | Killed Natasha
  1591 | D:3      | Noticed Robin
  1633 | D:3      | Killed Robin
  1956 | D:3      | Found Inolumm's Armour Boutique.
  2046 | D:3      | Noticed Terence
  2056 | D:3      | Killed Terence
  2173 | D:4      | Found a white marble altar of Elyvilon.
  2173 | D:4      | Found a shimmering altar of Xom.
  2173 | D:4      | Found a bloodstained altar of Trog.
  2173 | D:4      | Found an iron altar of Okawaru.
  2173 | D:4      | Found a basalt altar of Yredelemnul.
  2185 | D:4      | Became a worshipper of Warmaster Okawaru
  2280 | D:4      | Reached skill level 6 in Unarmed Combat
  2280 | D:4      | Reached XP level 7. HP: 11/36 MP: 4/12
  2370 | D:4      | Identified the ring of Xaxatak {^Contam Fly rF+ Will+}
  2503 | D:4      | Noticed Pargi
  2516 | D:4      | Killed Pargi
  2516 | D:4      | Reached * piety under Okawaru
  2904 | D:5      | Entered Level 5 of the Dungeon
  3079 | D:5      | Found a shimmering blue altar of Sif Muna.
  3080 | D:5      | Found an ancient bone altar of Kikubaaqudgha.
  3081 | D:5      | Found an opulent altar of Gozag.
  3530 | D:6      | Found a staircase to the Ecumenical Temple.
  3540 | D:6      | Reached skill level 7 in Unarmed Combat
  3553 | D:6      | Gained mutation: You have razor-sharp teeth. [Vine Stalker
                  | growth]
  3553 | D:6      | Reached XP level 8. HP: 42/42 MP: 13/13
  3569 | D:6      | Identified a scroll of acquirement
  3569 | D:6      | Acquired a manual of Armour
  3616 | D:6      | Found a glowing drain.
  3620 | D:6      | Noticed a wraith
  3632 | D:6      | Killed a wraith
  3632 | D:6      | Reached ** piety under Okawaru
  3633 | D:6      | Reached skill level 8 in Unarmed Combat
  3668 | Sewer    | Entered a sewer
  3858 | Sewer    | Found a viscous altar of Jiyva.
  3959 | Sewer    | Fell from the grace of Okawaru
  3959 | Sewer    | Became a worshipper of Jiyva Jabeklin the Shapeless
  4096 | Temple   | Entered the Ecumenical Temple
  4453 | D:6      | Reached skill level 5 in Armour
  4482 | D:6      | Reached XP level 9. HP: 45/45 MP: 16/16
  4755 | D:7      | Reached * piety under Jiyva
  4897 | D:7      | Reached skill level 9 in Unarmed Combat
  4985 | D:7      | Noticed Maurice
  4991 | D:7      | Maurice stole a ring of ice
  4997 | D:7      | Something stole 362 gold
  4998 | D:7      | Something stole a +0 tower shield
  5001 | D:7      | Killed Maurice
  5175 | D:7      | Found Wich's Jewellery Boutique.
  5245 | D:7      | Noticed Maggie
  5262 | D:7      | Killed Maggie
  5263 | D:7      | Reached skill level 10 in Unarmed Combat
  5495 | D:7      | Noticed Joseph
  5509 | D:7      | Killed Joseph
  5510 | D:7      | Reached skill level 1 in Throwing
  5510 | D:7      | Reached XP level 10. HP: 41/49 MP: 14/17
  5837 | D:8      | Reached ** piety under Jiyva
  6200 | D:8      | Got Sif Muna's Compendium of the Dead
  6311 | D:8      | Noticed Gastronok
  6330 | D:8      | Killed Gastronok
  6331 | D:8      | Reached skill level 10 in Armour
  6331 | D:8      | Reached skill level 5 in Shields
  6331 | D:8      | Reached skill level 11 in Unarmed Combat
  6565 | D:8      | Noticed a naga warrior
  6565 | D:8      | Noticed a naga sharpshooter
  6565 | D:8      | Noticed a naga warrior
  6565 | D:8      | Noticed a merfolk impaler
  6708 | D:9      | Killed a merfolk impaler
  6740 | D:9      | Noticed a boulder beetle
  6752 | D:9      | Killed a boulder beetle
  6766 | D:9      | Reached *** piety under Jiyva
  6805 | D:9      | Reached XP level 11. HP: 41/53 MP: 14/18
  6919 | D:9      | Noticed a two-headed ogre
  6932 | D:9      | Killed a two-headed ogre
  6976 | D:9      | Gained mutation: Your melee attacks may engulf your foes in
                  | ooze. [Jiyva's grace]
  6976 | D:9      | Gained mutation: You are resistant to electric shocks.
                  | (rElec) [Jiyva's grace]
  6976 | D:9      | Gained mutation: Your flesh is heat resistant. (rF+)
                  | [Jiyva's grace]
  6976 | D:9      | Gained mutation: Your flesh is very heat resistant. (rF++)
                  | [Jiyva's grace]
  7016 | D:9      | Learned a level 3 spell: Fugue of the Fallen
  7040 | D:9      | Found a staircase to the Lair.
  7081 | D:9      | Reached **** piety under Jiyva
  7306 | D:9      | Noticed a two-headed ogre
  7313 | D:9      | Killed a two-headed ogre
  7314 | D:9      | Reached skill level 1 in Necromancy
  7518 | D:9      | Noticed a stone giant
  7518 | D:9      | Noticed a tengu warrior
  7518 | D:9      | Noticed a cyclops
  7743 | Lair:1   | Entered Level 1 of the Lair of Beasts
  7774 | Lair:1   | Reached skill level 12 in Unarmed Combat
  7774 | Lair:1   | Reached skill level 1 in Evocations
  7790 | Lair:1   | Noticed a fire giant
  7790 | Lair:1   | Noticed a stone giant
  7790 | Lair:1   | Noticed a frost giant
  7798 | Lair:1   | Hit by a large rock thrown by a stone giant

Illustrated notes

Levels and vault maps discovered:
D:1:      heliophobic_arrival_battle_scene, layout_rooms
D:2:      layout_loops_ring, serial_shops, shop
D:3:      layout_loops_ring, mainiacjoe_overflow_brackets, serial_shops, shop,
          uniq_robin, uniq_natasha, uniq_grinder, uniq_terence
D:4:      layout_loops_ring, grunt_temple_overflow_open, item_on_display_a,
          uniq_pargi
D:5:      layout_cave_pools, gammafunk_temple_overflow_forgotten
D:6:      lemuel_ratsnest, layout_loops_ring, minmay_temple_entry_glass,
          cheibrodos_sewer_entry_sluice, bh_walls_and_bars
D:7:      layout_layer_cave, serial_rivers, chequers_serial_rivers_large_a,
          chequers_serial_rivers_small_a, chequers_serial_rivers_micro_b,
          chequers_serial_rivers_micro_c, chequers_serial_rivers_small_3,
          chequers_serial_rivers_small_3, serial_shops, shop, uniq_maurice,
          uniq_joseph, uniq_maggie
D:8:      layout_basic, uniq_gastronok
D:9:      layout_long_grid, lair_entry_dummy, grunt_ministairs_4
Temple:   nicolae_temple_bog_church
Lair:1:   layout_regular_city, serial_bayou_lake_a, serial_bayou_shore_a,
          uniq_harold

Skill      XL: |  1  2  3  4  5  6  7  8  9 10 11 |
---------------+----------------------------------+-----
Unarmed Combat | 3 4 5 6 7 8 10 11 12 | 12.0
Shields        | 3 5 6 |  6.0
Spellcasting   | 2 3 4 |  4.6
Fighting       | 3 |  3.8
Armour         | 5 8 10 11 | 11.2
Throwing       | 1 |  1.5
Necromancy     | 1 |  1.3
Evocations     | 1 |  1.3

Action                     |  1- 3 |  4- 6 |  7- 9 | 10-12 || total
---------------------------+-------+-------+-------+-------++-------
  Melee: Unarmed           |    88 |   146 |   353 |   226 ||   813
         Bite              |    27 |    37 |    92 |    68 ||   224
  Throw: Dart              |       |     3 |     6 |     4 ||    13
  Evoke: Wand              |       |       |       |     1 ||     1
    Use: Scroll            |       |     2 |    17 |     4 ||    23
         Potion            |       |     1 |     1 |     4 ||     6
 Armour: Scale mail        |    45 |       |       |       ||    45
         Chain mail        |    17 |    81 |   148 |   145 ||   391
         Skin              |       |       |     6 |     2 ||     8
         Acid dragon scale |       |       |     2 |       ||     2
  Dodge: Dodged            |    48 |    56 |   188 |   152 ||   444
  Block: Buckler           |    25 |    29 |    80 |    49 ||   183

Table legend: (Time is in decaauts)
 A = Elapsed time spent in this place.
 B = Non-inter-level travel time spent in this place.
 C = Inter-level travel time spent in this place.
 D = Time resting spent in this place.
 E = Time spent auto-exploring this place.
 F = Levels seen in this place.
 G = Mean time per level.
                   A        B        C        D        E       F      G
               +--------+--------+--------+--------+--------+-----+--------+
         Total |   7692 |   7362 |    330 |     57 |   5363 |  12 |  641.0 |
       Dungeon |   7337 |   7008 |    329 |     57 |   5183 |   9 |  815.2 |
        Temple |      4 |      4 |      0 |      0 |      0 |   1 |    4.0 |
          Lair |     50 |     50 |      0 |      0 |      2 |   1 |   50.0 |
         Sewer |    299 |    299 |      0 |      0 |    178 |   1 |  299.0 |
               +--------+--------+--------+--------+--------+-----+--------+

Top non-repeatable levels by time:
     D:7: 1071 daAuts
     D:9: 954 daAuts
     D:6: 924 daAuts
     D:8: 875 daAuts
     D:3: 840 daAuts
     D:4: 725 daAuts
     D:2: 701 daAuts
     D:1: 622 daAuts
     D:5: 621 daAuts
   Sewer: 299 daAuts
  Lair:1: 50 daAuts
  Temple: 4 daAuts
